Match 42059644
Unlisted

Match 42059644
End
Construct Section Command Post
Selects Indian Artillery Battlegroup
Dingo Light Scout Car
Infantry Section
Infantry Section
Vickers Machine Gun Team
Construct Field Infirmary
Construct Platoon Command Post
Selects Valour
6-pounder Anti-tank Gun Team
Humber Armored Car
Selects Gurkha Rifles Section
Gurkha Rifles Section
Selects Towed ML 4.2-inch Heavy Mortar
Construct Company Command Post
Selects Off-map Airburst Barrage
Vickers Machine Gun Team
Matilda II Heavy Tank
Off-map Airburst Barrage
Gurkha Rifles Section
Selects Volunteer Infantry
Matilda II Heavy Tank
Off-map Airburst Barrage
Currahee
Turtleboy
GreyFox_13
Rather Splendid Cromwell
Good Ol' Czepis
Alpenwell
0
0

Comments sign in to comment!

No comments posted yet!